Match 39286360
Unlisted

Match 39286360
End
Selects Australian Defense Battlegroup
Selects Australian Light Infantry Section
Australian Light Infantry Section
Construct Section Command Post
ML 3-inch Mortar Team
Australian Light Infantry Section
Australian Light Infantry Section
Selects 2-pounder Anti-tank Gun Team
Construct Platoon Command Post
2-pounder Anti-tank Gun Team
Infantry Training
6-pounder Anti-tank Gun Team
CMP 15cwt Truck
Selects Vehicle Over Repair
Selects CMP 15cwt Supply Run
jdrigo
ლ(´ڡ`ლ)
vonMises
Mael Radec
0
0

Comments sign in to comment!

No comments posted yet!